 Dungeon Crawl Stone Soup version 0.21-a0-630-g344d351 (webtiles) character file.

14429 VirginKiller the Nimble (level 11, -3/97 HPs)
             Began as a Demigod Transmuter on Dec 27, 2017.
             Slain by a blink frog (14 damage)
             ... on level 3 of the Lair of Beasts.
             The game lasted 02:11:14 (7574 turns).

VirginKiller the Nimble (Demigod Transmuter)        Turns: 7574, Time: 02:11:15

Health: -3/97      AC: 10    Str: 13    XL:     11   Next: 58%
Magic:  16/19      EV: 20    Int: 27    God:
Gold:   648        SH:  0    Dex: 22    Spells: 0/16 levels left

rFire    . . .     SeeInvis .   b - +8 blowgun
rCold    . . .     Gourm    +   (no shield)
rNeg     . . .     Faith    .   F - +3 leather armour {rPois}
rPois    +         Spirit   .   Q - +0 helmet
rElec    .         Reflect  .   M - +0 cloak
rCorr    .         Harm     .   o - +0 pair of gloves
MR       +....                  B - +0 pair of boots
Stlth    ++........             u - amulet of the gourmand
HPRegen  0.26/turn              h - ring of wizardry
MPRegen  0.16/turn              s - +5 ring of intelligence

@: brilliant
A: high mp 1
a: no special abilities


You were on level 3 of the Lair of Beasts.
You were very full.

You visited 2 branches of the dungeon, and saw 12 of its levels.
You also visited: Bailey.

You collected 648 gold pieces.

Inventory:

Hand Weapons
 b - a +8 blowgun (weapon)
Missiles
 a - 24 arrows
 k - 22 poisoned needles (quivered)
 H - 4 throwing nets
 J - 3 needles of frenzy
 N - 4 steel tomahawks
 O - 12 tomahawks
 S - 5 curare-tipped needles
Armour
 o - a +0 pair of gloves (worn)
 x - a cursed +0 scale mail
 B - a +0 pair of boots (worn)
 F - a +3 leather armour of poison resistance (worn)
 M - a +0 cloak (worn)
 Q - a +0 helmet (worn)
Jewellery
 h - a ring of wizardry (left hand)
 n - an uncursed ring of positive energy
 s - a +5 ring of intelligence (right hand)
 u - an amulet of the gourmand (around neck)
Wands
 w - a wand of polymorph (9)
 A - a wand of paralysis (4)
 K - a wand of random effects (53)
Scrolls
 g - a scroll of fog {unknown}
 m - 5 scrolls of remove curse
 p - 2 scrolls of immolation
 t - a scroll of amnesia
 v - a scroll of fear {unknown}
 y - a scroll of noise {unknown}
 E - a scroll of teleportation
 I - 3 scrolls of summoning
 L - a scroll of torment {unknown}
 R - a scroll of random uselessness {unknown}
 U - a scroll of holy word {unknown}
 V - a scroll of blinking {unknown}
Potions
 e - 3 potions of brilliance
 f - a potion of invisibility {unknown}
 i - a potion of haste {unknown}
 j - a potion of cancellation {unknown}
 l - 4 potions of curing
 q - 2 potions of flight {unknown}
 r - a potion of might {unknown}
 z - a potion of mutation {unknown}
 D - a potion of lignification
 P - a potion of agility
Books
 c - a book of Changes

   Spells                             Type                      Level
   a - Beastly Appendage              Transmutation                1
   b - Sticks to Snakes               Transmutation                2
   c - Spider Form                    Transmutation/Poison         3
   d - Ice Form                       Ice/Transmutation            4
   e - Blade Hands                    Transmutation                5
 C - a book of Geomancy

   Spells                             Type                      Level
   a - Sandblast                      Earth                        1
   b - Passwall                       Transmutation/Earth          2
   c - Stone Arrow                    Conjuration/Earth            3
   d - Petrify                        Transmutation/Earth          4
   e - Lee's Rapid Deconstruction     Earth                        5
 T - a book of Misfortune

   Spells                             Type                      Level
   a - Confusing Touch                Hexes                        1
   b - Confuse                        Hexes                        3
   c - Gell's Gravitas                Translocation                3
   d - Petrify                        Transmutation/Earth          4
   e - Metabolic Englaciation         Hexes/Ice                    5
   f - Yara's Violent Unravelling     Hexes/Transmutation          5
Comestibles
 d - 19 rations


   Skills:
 - Level 9.1 Fighting
 * Level 6.5 Throwing
 - Level 9.2 Dodging
 - Level 5.4 Unarmed Combat
 - Level 3.4 Spellcasting
 - Level 9.2 Transmutations


You couldn't memorise any spells.
You knew the following spells:

 Your Spells              Type           Power        Failure   Level  Hunger
a - Passwall              Tmut/Erth      #####.....   1%          2    #......
b - Spider Form           Tmut/Pois      #####.....   1%          3    ##.....
c - Sticks to Snakes      Tmut           ######..     1%          2    #......
d - Ice Form              Ice/Tmut       #####...     1%          4    ####...
e - Petrify               Tmut/Erth      #####...     1%          4    ####...
f - Confusing Touch       Hex            ###...       1%          1    None


Dungeon Overview and Level Annotations

Branches:
Dungeon (9/15)             Temple (0/1) D:6            Lair (3/6) D:9
  Swamp (0/4) Lair:2
  Snake: Lair:2-4    Spider: Lair:2-4       Orc: D:9-12

Annotations:
D:3 Charly's ghost, weakling GrFi
Lair:2 exclusion: 2 oklob plants


Innate Abilities, Weirdness & Mutations

You have an increased reservoir of magic. (+10% MP)


Message History

Anything else - Cancel.
Gang up on whom?
Press: ? - help, Dir - move target cursor, f - blink frog, p - blink frog
Aim: a blink frog Attack!
The blink frog closely misses your adder.
Your adder bites the blink frog.
The blink frog is poisoned.
Your adder poisons the blink frog!
The blink frog blinks!
Your adder closely misses the blink frog.
Your adder misses the blink frog.
The blink frog looks more healthy.
The blink frog hits your adder!
The blink frog blinks!
The blink frog barely misses your adder.
The blink frog hits your water moccasin!
Your water moccasin bites the blink frog.
Your adder closely misses the blink frog.
Your adder barely misses the blink frog.
Your adder bites the blink frog.
The blink frog looks even sicker.
Your adder poisons the blink frog!
The blink frog hits you!
You die...

### # ## ..# ## ###. #.###.#
#.## #..# #...## #..# ####
..#### ###...#
#..####..###....# #...P.#
#..#.##..##....## ......##
###..@F..>P#...#.#
..P....#####....SS.........#
######...P..#...SF...###P..#
#.PP......SSS....###..##
####......F.....## #..P#
#.#...........#####..#
###..F..........###.#.#
#..............#....#
#.......(........#####


You could see 4 blink frogs, a friendly water moccasin and 5 friendly adders.

Vanquished Creatures
  A death yak (Lair:3)
  3 two-headed ogres
  Sonja (Lair:1)
  The ghost of Charly the Cleaver, a novice DDGl (D:7)
  Pikel (D:4)
  Joseph (D:7)
  A spiny frog (Lair:3)
  A hornet (D:8)
  Grinder (D:6)
  5 hippogriffs
  Sigmund (D:2)
  7 yaks (Lair:2)
  A basilisk (Lair:2)
  A hungry ghost (D:7)
  Duvessa (D:5)
  2 hell hounds (D:9)
  2 water moccasins (Lair:3)
  3 porcupines
  7 sky beasts
  3 orc warriors
  2 ice beasts
  3 phantoms
  6 wolves (Lair:1)
  2 centaurs
  3 ogres
  2 crocodiles (Lair:2)
  2 big kobolds (D:7)
  Blork the orc (D:4)
  6 gnoll sergeants (Bailey)
  12 bullfrogs
  Dowan (D:5)
  3 killer bees (D:7)
  2 scorpions
  3 wights (D:8)
  4 howler monkeys
  2 crimson imps (D:6)
  2 orc priests
  A quasit (D:7)
  A bullfrog skeleton (D:6)
  3 hounds
  4 gnoll shamans (Bailey)
  2 jellies (D:8)
  5 iguanas
  3 orc wizards
  4 worker ants
  A hound zombie (D:6)
  2 hound skeletons (D:4)
  19 gnolls
  10 adders
  A shadow imp (D:8)
  An ooze (D:6)
  2 adder zombies
  2 worms (D:4)
  3 dart slugs
  4 leopard geckos
  28 orcs
  3 ball pythons
  3 bats
  3 giant cockroaches
  5 goblins
  4 hobgoblins
  4 quokkas
  A ball python skeleton (D:5)
  3 frilled lizards
  3 giant cockroach zombies
  A jackal skeleton (D:6)
  12 kobolds
  4 rats
242 creatures vanquished.

Vanquished Creatures (collateral kills)
  A hydra (Lair:1)
  2 death yaks (Lair:3)
  4 yaks (Lair:2)
  A centaur (D:7)
  A crocodile (Lair:3)
  2 gnoll sergeants (Bailey)
  A jelly (D:8)
  2 hounds (Bailey)
  Crazy Yiuf (D:5)
  2 gnoll shamans (Bailey)
  A gnoll (Bailey)
  An adder (Lair:3)
  4 orcs
23 creatures vanquished.

Vanquished Creatures (others)
  A wizard (D:8)
  A komodo dragon (Lair:2)
  A worker ant zombie (D:5)
  3 orcs
  A frilled lizard (D:5)
  A leopard gecko zombie (D:5)
  3 fungi (Lair:3)
  2 plants
13 creatures vanquished.

Grand Total: 278 creatures vanquished

Notes
Turn   | Place    | Note
-------+----------+-------------------------------------------
     0 | D:1      | VirginKiller the Demigod Transmuter began the quest for the Orb.
     0 | D:1      | Reached XP level 1. HP: 15/15 MP: 5/5
   371 | D:1      | Reached XP level 2. HP: 17/22 MP: 7/7
   492 | D:2      | Noticed Sigmund
   759 | D:2      | Reached XP level 3. HP: 16/27 MP: 8/8
   794 | D:2      | Learned a level 3 spell: Spider Form
  1072 | D:3      | Noticed a sky beast
  1091 | D:3      | Killed a sky beast
  1091 | D:3      | Reached XP level 4. HP: 11/34 MP: 2/9
  1095 | D:3      | Learned a level 2 spell: Sticks to Snakes
  1130 | D:3      | Noticed Charly's ghost (weakling GrFi)
  1293 | D:2      | Reached XP level 5. HP: 38/39 MP: 7/10
  1334 | D:2      | Killed Sigmund
  1334 | D:2      | Reached skill level 5 in Dodging
  1438 | D:4      | Reached XP level 6. HP: 46/46 MP: 2/11
  1595 | D:4      | Noticed Blork the orc
  1606 | D:4      | Killed Blork the orc
  1669 | D:4      | Found a faded altar of an unknown god.
  1669 | D:4      | Found an ancient bone altar of Kikubaaqudgha.
  1674 | D:4      | Found a faded altar of an unknown god.
  1676 | D:4      | Found a radiant altar of Vehumet.
  1678 | D:4      | Found a snail-covered altar of Cheibriados.
  1773 | D:5      | Entered Level 5 of the Dungeon
  1773 | D:5      | Found a shimmering altar of Xom.
  1778 | D:5      | Noticed Pikel
  1785 | D:5      | Reached XP level 7. HP: 35/51 MP: 2/12
  1820 | D:4      | Killed Pikel
  2115 | D:5      | Reached XP level 8. HP: 49/58 MP: 7/13
  2139 | D:5      | Learned a level 4 spell: Ice Form
  2368 | D:5      | Noticed Dowan
  2369 | D:5      | Noticed Duvessa
  2383 | D:5      | Killed Dowan
  2403 | D:5      | Killed Duvessa
  2403 | D:5      | Reached skill level 5 in Transmutations
  2568 | D:5      | Found a runed door.
  2576 | D:5      | Noticed Crazy Yiuf
  2584 | D:5      | Killed Crazy Yiuf
  3075 | D:6      | Found a staircase to the Ecumenical Temple.
  3117 | D:6      | Noticed Grinder
  3134 | D:6      | Paralysed by Grinder for 2 turns
  3140 | D:6      | Killed Grinder
  3204 | D:7      | Found a flagged portal.
  3245 | Bailey   | Entered a bailey
  3253 | Bailey   | Reached XP level 9. HP: 32/63 MP: 3/14
  3552 | Bailey   | Learned a level 2 spell: Passwall
  3854 | Bailey   | Reached skill level 5 in Unarmed Combat
  4032 | D:7      | Noticed Charly's ghost (novice DDGl)
  4045 | D:7      | Killed Charly's ghost
  4177 | D:7      | Reached skill level 5 in Fighting
  4336 | D:7      | Reached XP level 10. HP: 81/81 MP: 10/15
  4366 | D:7      | Noticed Joseph
  4388 | D:7      | Killed Joseph
  4422 | D:7      | Found a shadowy altar of Dithmenos.
  4650 | D:8      | Found a bloodstained altar of Trog.
  4654 | D:8      | Noticed a wizard
  4660 | D:8      | Killed a wizard
  4745 | D:8      | Noticed a two-headed ogre
  4772 | D:8      | Killed a two-headed ogre
  4864 | D:8      | Noticed a two-headed ogre
  5046 | D:8      | Killed a two-headed ogre
  5551 | D:9      | Noticed a two-headed ogre
  5573 | D:9      | Killed a two-headed ogre
  5798 | D:9      | Found a white marble altar of Elyvilon.
  5922 | D:9      | Found a staircase to the Lair.
  5983 | Lair:1   | Entered Level 1 of the Lair of Beasts
  6063 | Lair:1   | Reached XP level 11. HP: 90/97 MP: 15/17
  6235 | Lair:1   | Noticed Sonja
  6251 | Lair:1   | Killed Sonja
  6292 | Lair:1   | Learned a level 4 spell: Petrify
  6350 | Lair:1   | Noticed a five-headed hydra
  6366 | Lair:1   | Killed a five-headed hydra
  6623 | Lair:2   | Reached skill level 1 in Throwing
  7064 | Lair:2   | Found a staircase to the Swamp.
  7273 | Lair:3   | Noticed a seven-headed hydra
  7331 | Lair:3   | Reached skill level 5 in Throwing
  7351 | Lair:3   | Learned a level 1 spell: Confusing Touch
  7506 | Lair:3   | Noticed a death yak
  7508 | Lair:3   | Noticed a death yak
  7512 | Lair:3   | Noticed a death yak
  7513 | Lair:3   | Noticed a death yak
  7514 | Lair:3   | Noticed a death yak
  7515 | Lair:3   | Noticed a death yak
  7515 | Lair:3   | Noticed a death yak
  7516 | Lair:3   | Noticed a death yak
  7522 | Lair:3   | Killed a death yak
  7526 | Lair:3   | Killed a death yak
  7563 | Lair:3   | Killed a death yak
  7574 | Lair:3   | Slain by a blink frog

Vault maps used:
D:1:      dpeg_arrival_water_fire
D:2:      item_on_display_a, uniq_sigmund
D:3:      first_ration, nicolae_ru_path_of_blood
D:4:      chequers_temple_overflow_minitemple, st_stairs_9, uniq_blork_the_orc
D:5:      lemuel_crystal_altar, uniq_crazy_yiuf_cottage, uniq_duvessa,
          uniq_pikel
D:6:      minmay_temple_entry_statues_pillars, uniq_grinder
D:7:      nicolae_overflow_hidden_temple, enter_bailey_7, grunt_ogre_cave,
          uniq_joseph
D:8:      kennysheep_small_spiral, trog_wizard, uniq_psyche
D:9:      kennysheep_mini_moat, minmay_lair_entry_lava
Lair:1:   uniq_sonja
Lair:2:   dpeg_oklob_gauntlet, swamp_mist_pool, small_statue_intersection
Lair:3:   cheibrodos_lair_reptile_den, grunt_megastairs_3
Bailey:   bailey_polearm_gnolls_kennysheep, bailey

Skill      XL: |  1  2  3  4  5  6  7  8  9 10 11 |
---------------+----------------------------------+-----
Transmutations | 2 3 4 7 8 9 |  9.2
Dodging        | 3 4 5 6 8 9 |  9.2
Unarmed Combat | 5 |  5.4
Fighting       | 5 9 |  9.1
Spellcasting   | 3 |  3.4
Throwing       | 6 |  6.5

Action                   |  1- 3 |  4- 6 |  7- 9 | 10-12 || total
-------------------------+-------+-------+-------+-------++-------
Melee: Unarmed           |    94 |    67 |   384 |   293 ||   838
       Kick              |     5 |     3 |       |       ||     8
       Headbutt          |     5 |       |       |       ||     5
 Fire: Blowgun           |       |       |       |    58 ||    58
Throw: Tomahawk          |       |       |       |     3 ||     3
 Cast: Beastly Appendage |    18 |     1 |       |       ||    19
       Spider Form       |     8 |    15 |    21 |    14 ||    58
       Sticks to Snakes  |       |     9 |    36 |    25 ||    70
       Ice Form          |       |       |    18 |    26 ||    44
       Confusing Touch   |       |       |       |     2 ||     2
       Petrify           |       |       |       |     2 ||     2
 Abil: End Transformatio |       |     1 |     8 |    14 ||    23
Evoke: Wand              |       |       |    12 |     8 ||    20
  Use: Scroll            |     5 |     1 |     5 |     7 ||    18
       Potion            |     3 |       |     2 |     1 ||     6
 Stab: Sleeping          |     1 |     1 |     3 |     2 ||     7
       Distracted        |       |     4 |     5 |     2 ||    11
       Paralysed         |       |       |    16 |     8 ||    24
       Petrifying        |       |       |       |     1 ||     1
  Eat: Chunk             |     2 |    11 |    23 |    24 ||    60
       Ration            |       |       |     1 |       ||     1
Armor: Robe              |    11 |       |     1 |       ||    12
       Skin              |     5 |     1 |    25 |    27 ||    58
       Leather armour    |       |       |     5 |     7 ||    12
Dodge: Dodged            |    47 |    57 |   330 |   285 ||   719

Table legend:
 A = Spawn XP
 B = Non-spawn XP
 C = Spawn XP percentage of total XP
 D = Spawn monster count
 E = Non-spawn monster count
 F = Spawn count percentage of total count
 G = Total turns spent on level
                    A         B        C        D         E        F      G
               +---------+---------+-------+---------+---------+-------+---------
         Total |       0 |   20613 |   0.0 |       0 |     265 |   0.0 |  7574
               +---------+---------+-------+---------+---------+-------+---------
           D:1 |       0 |      12 |   0.0 |       0 |       5 |   0.0 |   332
           D:2 |       0 |     235 |   0.0 |       0 |      13 |   0.0 |   637
           D:3 |       0 |     175 |   0.0 |       0 |      20 |   0.0 |   432
           D:4 |       0 |    1064 |   0.0 |       0 |      21 |   0.0 |   630
           D:5 |       0 |     661 |   0.0 |       0 |      13 |   0.0 |   600
           D:6 |       0 |    1138 |   0.0 |       0 |      31 |   0.0 |   536
           D:7 |       0 |    3012 |   0.0 |       0 |      41 |   0.0 |   673
           D:8 |       0 |    3342 |   0.0 |       0 |      27 |   0.0 |   854
           D:9 |       0 |    2090 |   0.0 |       0 |      20 |   0.0 |   613
        Lair:1 |       0 |    2317 |   0.0 |       0 |      11 |   0.0 |   633
        Lair:2 |       0 |    2890 |   0.0 |       0 |      20 |   0.0 |   649
        Lair:3 |       0 |    2581 |   0.0 |       0 |      13 |   0.0 |   309
        Bailey |       0 |    1096 |   0.0 |       0 |      30 |   0.0 |   676
               +---------+---------+-------+---------+---------+-------+---------
